 Dungeon Crawl Stone Soup version 0.26.1-2-gb8aa6d0cf2 (webtiles) character file.

Game seed: 7825969951029544287

79 pascalblue the Digger (level 4, 0/24 HPs)
             Began as a Deep Elf Earth Elementalist on Mar 10, 2021.
             Hit by a boomerang thrown by an orc (7 damage)
             ... on level 3 of the Dungeon.
             The game lasted 00:05:22 (1617 turns).

pascalblue the Digger (Deep Elf Earth Elementalist) Turns: 1617, Time: 00:05:23

Health: 0/24       AC:  2    Str:  5    XL:     4   Next: 17%
Magic:  11/11      EV: 13    Int: 21    God:
Gold:   52         SH:  0    Dex: 15    Spells: 9/10 levels left

rFire    . . .     SeeInvis .   e - +0 dagger
rCold    . . .     Faith    .   (no shield)
rNeg     . . .     Spirit   .   c - +0 robe
rPois    .         Reflect  .   (no helmet)
rElec    .         Harm     .   (no cloak)
rCorr    .         Rampage  .   (no gloves)
Will     .....                  (no boots)
Stlth    ++........             (no amulet)
HPRegen  0.08/turn              (no ring)
MPRegen  0.12/turn              (no ring)

@: no status effects
A: no striking features
a: no special abilities


You were on level 3 of the Dungeon.
You visited 1 branch of the dungeon, and saw 4 of its levels.

You collected 52 gold pieces.

Inventory:

Hand Weapons
 e - a +0 dagger (weapon)
Missiles
 b - 16 stones
 i - 12 bolts
 l - 30 arrows
 n - 16 sling bullets
Armour
 c - a +0 robe (worn)
Jewellery
 j - an uncursed amulet of faith {unknown}
Scrolls
 a - a scroll of enchant armour {unknown}
 f - a scroll of teleportation {unknown}
 g - a scroll of immolation {unknown}
 h - a scroll of enchant weapon {unknown}
 k - a scroll of identify {unknown}
Potions
 d - 2 potions of haste {unknown}
 m - a potion of brilliance {unknown}


   Skills:
 - Level 3.0 Dodging
 - Level 3.0 Stealth
 + Level 3.8 Spellcasting
 + Level 2.1 Transmutations
 * Level 4.2 Earth Magic


You had 9 spell levels left.
You knew the following spells:

 Your Spells              Type           Power        Failure   Level
a - Sandblast             Erth           44%          2%          1

Your spell library contained the following spells:

 Spells                   Type           Power        Failure   Level
 Passwall                 Tmut/Erth      14%          4%          2
 Stone Arrow              Conj/Erth      26%          16%         3
 Petrify                  Tmut/Erth      17%          32%         4
 Lee's Rapid Deconstruct  Erth           11%          52%         5


Dungeon Overview and Level Annotations

Branches:
Dungeon (4/15)
 Temple: D:4-7

Altars:
Nemelex Xobeh


Message History

You barely miss the orc.
The orc is heavily wounded.
The orc hits you with a +0 whip.
You hit the orc.
The orc is almost dead.
The orc closely misses you.
You hit the orc but do no damage.
The orc is almost dead.
The orc hits you with a +0 whip.
* * * LOW HITPOINT WARNING * * *
You closely miss the orc.
The orc is almost dead.
The orc barely misses you.
You hit the orc but do no damage.
The orc is almost dead.
The orc closely misses you.
You hit the orc.
You kill the orc!
The orc throws a boomerang.
The boomerang hits you!
You die...

#.....###########
#.....)..........
#.....###########
#.....# # #.....#
#. #.##### ##.#
#.# ####..o##.#
......o)@.#
####...####
......# ######


You could see 2 orcs.

Vanquished Creatures
  2 adders (D:3)
  3 oozes (D:1)
  3 leopard geckos
  2 orcs (D:3)
  A giant cockroach (D:1)
  6 goblins
  7 hobgoblins
  5 jackals (D:1)
  4 bats
  A frilled lizard (D:2)
  5 kobolds
  6 rats
45 creatures vanquished.

Notes
Turn   | Place    | Note
-------+----------+-------------------------------------------
     0 | D:1      | pascalblue the Deep Elf Earth Elementalist began the quest
                  | for the Orb.
     0 | D:1      | Reached XP level 1. HP: 10/10 MP: 6/6
   183 | D:1      | Reached XP level 2. HP: 15/15 MP: 6/8
   613 | D:1      | Reached XP level 3. HP: 19/19 MP: 5/9
  1175 | D:1      | Reached skill level 4 in Earth Magic
  1184 | D:1      | Found a sparkling altar of Nemelex Xobeh.
  1368 | D:2      | You fall into a shaft and drop 2 floors!
  1533 | D:3      | Reached XP level 4. HP: 24/24 MP: 9/11
  1617 | D:3      | Hit by a boomerang thrown by an orc

Illustrated notes

Levels and vault maps discovered:
D:1:      dpeg_arrival_three_bigger_balls, layout_basic, nemelex_altar_shiori
D:2:      minmay_spotlight, layout_basic, kennysheep_cross_bottleneck,
          st_stairs_10
D:3:      layout_loops_ring, lemuel_round_altar,
          lemuel_zombie_altar_kikubaaqudgha, kennysheep_big_empty_room
D:4:      layout_basic, minmay_temple_entry_mist, serial_shops, kennysheep_mini,
          serial_bayou_ford_a, uniq_edmund, uniq_menkaure

Skill      XL: |  1  2  3 |
---------------+----------+-----
Earth Magic    | 4 |  4.2
Dodging        | 3 |  3.0
Stealth        | 3 |  3.0
Transmutations | 2 |  2.1
Spellcasting   | |  3.8

Action                   |  1- 3 |  4- 6 || total
-------------------------+-------+-------++-------
Melee: Dagger            |    12 |    37 ||    49
 Cast: Sandblast         |    53 |     1 ||    54
 Stab: Sleeping          |     2 |       ||     2
Armor: Robe              |     9 |     1 ||    10
Dodge: Dodged            |    51 |    27 ||    78
